 Dungeon Crawl Stone Soup version 0.29-a0-468-ge57f7f99b4 (webtiles) character file.

Game seed: 15197844214525308669

34 chopper the Shield-Bearer (level 3, -3/33 HPs)
             Began as a Minotaur Fighter on May 22, 2022.
             Killed from afar by Sigmund (7 damage)
             ... with a puff of flame
             ... on level 2 of the Dungeon.
             The game lasted 00:07:03 (923 turns).

chopper the Shield-Bearer (Minotaur Fighter)         Turns: 923, Time: 00:07:04

Health: -3/33      AC: 11    Str: 22    XL:     3   Next: 14%
Magic:  2/2        EV:  6    Int:  5    God:
Gold:   74         SH:  4    Dex:  9    Spells: 2/2 levels left

rFire   . . .      SeeInvis .   a - +0 war axe
rCold   . . .      Faith    .   c - +0 buckler
rNeg    . . .      Spirit   .   e - +0 plate armour
rPois   .          Reflect  .   (helmet restricted)
rElec   .          Harm     .   (no cloak)
rCorr   .          Rampage  .   (no gloves)
Will    .....                   (no boots)
Stlth   ..........              (no amulet)
HPRegen 0.11/turn               (no ring)
MPRegen 0.08/turn               (no ring)

@: no status effects
A: horns 2, retaliatory headbutt
a: no special abilities


You were on level 2 of the Dungeon.
You visited 1 branch of the dungeon, and saw 2 of its levels.

You collected 74 gold pieces.

Inventory:

Hand Weapons
 a - a +0 war axe (weapon)
Armour
 c - a +0 buckler (worn)
 e - a +0 plate armour (worn)
Scrolls
 g - a scroll of poison {unknown}
 i - a scroll of fog {unknown}
 j - a scroll of enchant weapon {unknown}
 k - a scroll of identify
 l - a scroll of noise {unknown}
 m - a scroll of teleportation {unknown}
Potions
 b - a potion of heal wounds {unknown}
 d - a potion of might
 h - a potion of flight {unknown}


   Skills:
 + Level 4.0 Fighting
 + Level 2.7 Axes
 + Level 4.1 Armour
 + Level 4.2 Shields


You had 2 spell levels left.
You didn't know any spells.
Your spell library contained the following spells:

 Spells                   Type           Power      Damage    Failure   Level
 Static Discharge         Conj/Air       0%         N/A       100%        2
 Dispel Undead            Necr           0%         3d6       100%        4
 Sticky Flame             Conj/Fire      0%         2d3       100%        4


Dungeon Overview and Level Annotations

Branches:
Dungeon (1/15)

Altars:

Shops:
D:1 *

Annotations:
D:2 Sigmund


Innate Abilities, Weirdness & Mutations

You have a pair of horns on your head.
You reflexively headbutt those who attack you in melee.


Message History

The puff of flame hits you!
You feel less confused.
Sigmund hits you from afar with a +0 scythe.
* * * LOW HITPOINT WARNING * * *
Sigmund gestures wildly while chanting.
Sigmund flickers and vanishes!
Deactivating autopickup; reactivate with Ctrl-A.
A magic dart appears from out of thin air!
The magic dart hits you.
* * * LOW HITPOINT WARNING * * *
Sigmund appears from thin air!
Reactivating autopickup.
Sigmund says, "Your kind have come here before.
I understand now why.
You desire death..."
Sigmund says, "Look into my eyes."
Sigmund points at you and mumbles some strange words.
You are confused.
There is an open door here.
You feel less confused.
Sigmund points at you and mumbles some strange words.
You are confused.
Sigmund hits you but does no damage.
You are too confused!
Unknown command.
Sigmund attacks as you move away! Sigmund barely misses you.
Sigmund hits you but does no damage.
You are too confused!
You are too confused!
You are too confused!
You're too confused to move!
Sigmund barely misses you.
You are too confused!
You feel less confused.
As you read the scroll labelled GIKO SEMOIPS, it crumbles to dust.
It is a scroll of identify.
f - a scroll of summoning
Okay, then.
As you read the scroll of summoning, it crumbles to dust.
Wisps of shadow whirl around you... Sigmund gestures at you while chanting.
The puff of flame hits you!
You die...

........................#
#######'#######'##.######
.## ##...## ##...###
..###.....###..รท..##
...#.......#.......#
...#.......#.......#
...#.......#..gw@.S#
..###.....###.....## .##
##...## ##..@## ## #####
#####


You could see Sigmund (ally target), a friendly worm (summoned), a friendly
hobgoblin (summoned) and a friendly ball python (summoned).

Vanquished Creatures
  3 dart slugs
  4 ball pythons
  3 bats (D:2)
  2 endoplasms (D:2)
  2 giant cockroaches
  2 goblins (D:2)
  2 hobgoblins (D:2)
  A jackal (D:2)
  A quokka (D:2)
  2 frilled lizards (D:2)
  2 kobolds
  3 rats
27 creatures vanquished.

Notes
Turn   | Place    | Note
-------+----------+-------------------------------------------
     0 | D:1      | chopper the Minotaur Fighter began the quest for the Orb.
     0 | D:1      | Reached XP level 1. HP: 19/19 MP: 0/0
    78 | D:1      | Found Galuav's Assorted Antiques.
   186 | D:1      | Reached XP level 2. HP: 22/27 MP: 1/1
   199 | D:1      | You fall into a shaft and drop 1 floor!
   623 | D:2      | Reached XP level 3. HP: 32/33 MP: 2/2
   843 | D:2      | Identified the +3 hand axe "Lebergh" {drain, rElec rF-
                  | rN+++ Dex-2}
   855 | D:2      | Noticed Sigmund
   897 | D:2      | HP: 1/33 [something/magic dart (6)]
   923 | D:2      | Killed from afar by Sigmund

Illustrated notes

Levels and vault maps discovered:
D:1:      amcnicky_arrival_abandoned_market, layout_loops_ring, serial_shops,
          shop, ebering_ecumenical_altar_box, roderic_filled_cross
D:2:      kennysheep_six_static_rooms, layout_loops_ring,
          uniq_crazy_yiuf_cottage, uniq_sigmund

Skill      XL: |  1  2 |
---------------+-------+-----
Shields        | 4 |  4.2
Fighting       | 4 |  4.0
Armour         | 4 |  4.1
Axes           | |  2.7

Action                   || total
-------------------------++-------
Melee: War axe           ||    45
       Headbutt          ||     8
  Use: Scroll            ||     2
Armor: Plate armour      ||    61
       Scale mail        ||     1
Dodge: Dodged            ||    23
Block: Buckler           ||    23

Table legend: (Time is in decaauts)
 A = Elapsed time spent in this place.
 B = Non-inter-level travel time spent in this place.
 C = Inter-level travel time spent in this place.
 D = Time resting spent in this place.
 E = Time spent auto-exploring this place.
 F = Levels seen in this place.
 G = Mean time per level.
                   A        B        C        D        E       F      G
               +--------+--------+--------+--------+--------+-----+--------+
         Total |    941 |    941 |      0 |    151 |      0 |   2 |  470.5 |
       Dungeon |    941 |    941 |      0 |    151 |      0 |   2 |  470.5 |
               +--------+--------+--------+--------+--------+-----+--------+

Top non-repeatable levels by time:
     D:2: 738 daAuts
     D:1: 203 daAuts
